 Dungeon Crawl Stone Soup version 0.29-a0-409-gd843f3a48c (webtiles) character file.

Game seed: 12428105035277335646

191 sammy202020 the Skirmisher (level 5, -13/48 HPs)
             Began as a Minotaur Fighter on May 13, 2022.
             Mangled by Pikel
             ... wielding a +0 whip of electrocution
              (20 damage)
             ... on level 4 of the Dungeon.
             The game lasted 00:03:38 (2766 turns).

sammy202020 the Skirmisher (Minotaur Fighter)       Turns: 2766, Time: 00:03:40

Health: -13/48     AC: 14    Str: 20    XL:     5   Next: 42%
Magic:  4/4        EV:  6    Int:  7    God:
Gold:   157        SH:  4    Dex: 10    Spells: 4/4 levels left

rFire   . . .      SeeInvis .   a - +0 war axe
rCold   . . .      Faith    .   c - +0 buckler
rNeg    . . .      Spirit   .   e - +0 plate armour
rPois   +          Reflect  .   (helmet restricted)
rElec   .          Harm     .   p - +0 cloak
rCorr   .          Rampage  .   (no gloves)
Will    .....                   n - +0 pair of boots
Stlth   ..........              (no amulet)
HPRegen 0.16/turn               g - ring of poison resistance
MPRegen 0.09/turn               (no ring)

@: no status effects
A: horns 2, retaliatory headbutt
a: no special abilities


You were on level 4 of the Dungeon.
You visited 1 branch of the dungeon, and saw 4 of its levels.

You collected 157 gold pieces.

Inventory:

Hand Weapons
 a - a +0 war axe (weapon)
 o - a +0 flail
Missiles
 j - 11 boomerangs (quivered)
Armour
 c - a +0 buckler (worn)
 e - a +0 plate armour (worn)
 n - a +0 pair of boots (worn)
 p - a +0 cloak (worn)
Jewellery
 g - a ring of poison resistance (left hand)
Scrolls
 f - a scroll of poison
 h - 3 scrolls of teleportation
 r - 4 scrolls of identify
Potions
 b - 2 potions of attraction
 d - a potion of might
 i - a potion of flight
 k - a potion of mutation
 l - a potion of curing
 m - a potion of brilliance {unknown}
 q - a potion of heal wounds {unknown}
 s - a potion of ambrosia {unknown}
 t - a potion of haste {unknown}
 u - a potion of invisibility {unknown}


   Skills:
 * Level 5.0 Fighting
 * Level 4.1 Axes
 + Level 4.4 Armour
 + Level 1.8 Dodging
 + Level 4.3 Shields


You had 4 spell levels left.
You didn't know any spells.
Your spell library contained the following spells:

 Spells                   Type           Power      Damage    Failure   Level
 Blink                    Tloc           0%         N/A       100%        2
 Lesser Beckoning         Tloc           0%         N/A       100%        3
 Manifold Assault         Tloc           0%         N/A       100%        5


Dungeon Overview and Level Annotations

Branches:
Dungeon (4/15)
 Temple: D:4-7

Altars:

Shops:
D:3 (

Annotations:
D:4 Pikel


Innate Abilities, Weirdness & Mutations

You have a pair of horns on your head.
You reflexively headbutt those who attack you in melee.


Message History

You hit the lemure. Your headbutt misses the lemure.
The lemure is heavily wounded.
The lemure hits you.
Pikel zaps a wand.
Some rock shatters into small pieces.
The now-empty wand crumbles to dust.
The lemure completely misses you. You furiously retaliate!
You headbutt the lemure. You barely miss the lemure.
The lemure is severely wounded.
A lemure comes into view.
The lemure hits you.
The lemure shouts!
You hit the lemure.
The lemure is almost dead.
The lemure hits you but does no damage.
You closely miss the lemure. Your headbutt misses the lemure.
The lemure is almost dead.
The lemure hits you!
A sky beast comes into view.
The lemure hits you but does no damage.
You closely miss the lemure. Your headbutt misses the lemure.
The lemure is almost dead.
You block the lemure's attack.
The sky beast flickers out of sight!
Deactivating autopickup; reactivate with Ctrl-A.
You hit the lemure but do no damage. You headbutt the lemure.
You kill the lemure!
That felt strangely unrewarding.
A sky beast appears from thin air!
Reactivating autopickup.
You hit Pikel.
Pikel is lightly wounded.
Pikel says, "You'll feel the lick of my whip!"
Pikel hits you with a +0 whip of electrocution.
Pikel hits you but does no damage.
You are electrocuted!
* * * LOW HITPOINT WARNING * * *
You barely miss Pikel.
Pikel is lightly wounded.
The sky beast flickers out of sight!
Deactivating autopickup; reactivate with Ctrl-A.
Pikel hits you with a +0 whip of electrocution.
* * * LOW HITPOINT WARNING * * *
You are electrocuted!!
You die...

###.######.#.#####
#...# #.#.# #.###
#.#.# #.# #.#.# #.#
#.#.# #.# #.#.# ###
#.# #.#.# #.. #.#
#.#.# #.# #@#
####.#.###.# #K#
#>.......... #5#
#.##.#.###.#
#5o#####.##.#.# #.#
#.{....#.##.#.###.#
#......#..........#
#......############
##....#... . #....#
## #


You could see Pikel, 2 lemures and an orc.

Vanquished Creatures
  A lemure (D:4)
  An orc wizard (D:3)
  Natasha (twice) (D:2)
  4 adders
  8 orcs
  7 ball pythons
  6 bats (D:1)
  5 endoplasms
  2 giant cockroaches
  6 goblins
  7 hobgoblins
  4 jackals
  4 kobolds
  4 quokkas
  3 frilled lizards
  7 rats
71 creatures vanquished.

Notes
Turn   | Place    | Note
-------+----------+-------------------------------------------
     0 | D:1      | sammy202020 the Minotaur Fighter began the quest for the
                  | Orb.
     0 | D:1      | Reached XP level 1. HP: 19/19 MP: 0/0
    74 | D:1      | Reached XP level 2. HP: 25/27 MP: 1/1
   276 | D:1      | Reached skill level 4 in Fighting
   478 | D:1      | Reached XP level 3. HP: 31/33 MP: 2/2
   960 | D:2      | Noticed Natasha
   970 | D:2      | Killed Natasha
   971 | D:2      | Reached skill level 1 in Dodging
  1157 | D:2      | Reached XP level 4. HP: 41/41 MP: 3/3
  1463 | D:2      | Noticed Natasha
  1470 | D:2      | Killed Natasha
  2000 | D:3      | Reached XP level 5. HP: 47/47 MP: 4/4
  2167 | D:3      | Reached skill level 5 in Fighting
  2376 | D:3      | Found Plog's Antique Weapon Shoppe.
  2745 | D:4      | Noticed a lemure
  2746 | D:4      | Noticed a lemure
  2748 | D:4      | Noticed Pikel
  2750 | D:4      | Noticed a lemure
  2760 | D:4      | Noticed a lemure
  2762 | D:4      | Noticed a sky beast
  2764 | D:4      | Killed a lemure
  2766 | D:4      | Mangled by Pikel

Illustrated notes

Levels and vault maps discovered:
D:1:      dpeg_arrival_fog, layout_rooms
D:2:      layout_basic, uniq_natasha
D:3:      layout_basic, serial_shops, nicolae_square_shop,
          minmay_misc_feat_square
D:4:      layout_basic, st_stairs_1, uniq_sigmund, uniq_pikel

Skill      XL: |  1  2  3  4  5 |
---------------+----------------+-----
Fighting       | 4 5 |  5.0
Axes           | 3 4 |  4.1
Armour         | 4 |  4.4
Dodging        | 1 |  1.8
Shields        | 4 |  4.3

Action                   |  1- 3 |  4- 6 || total
-------------------------+-------+-------++-------
Melee: War axe           |    77 |    84 ||   161
       Headbutt          |     7 |    10 ||    17
  Use: Scroll            |     4 |     5 ||     9
Armor: Plate armour      |    65 |    75 ||   140
       Scale mail        |     3 |       ||     3
Dodge: Dodged            |    26 |    32 ||    58
Block: Buckler           |    24 |    16 ||    40

Table legend: (Time is in decaauts)
 A = Elapsed time spent in this place.
 B = Non-inter-level travel time spent in this place.
 C = Inter-level travel time spent in this place.
 D = Time resting spent in this place.
 E = Time spent auto-exploring this place.
 F = Levels seen in this place.
 G = Mean time per level.
                   A        B        C        D        E       F      G
               +--------+--------+--------+--------+--------+-----+--------+
         Total |   2832 |   2813 |     19 |    200 |   1978 |   4 |  708.0 |
       Dungeon |   2832 |   2813 |     19 |    200 |   1978 |   4 |  708.0 |
               +--------+--------+--------+--------+--------+-----+--------+

Top non-repeatable levels by time:
     D:1: 980 daAuts
     D:2: 855 daAuts
     D:3: 783 daAuts
     D:4: 213 daAuts
